 Dungeon Crawl Stone Soup version 0.31-a0-876-gfe8ebadbca (webtiles) character file.

Game seed: 8790509606396930100

63 Pixllover the Chiller (level 4, -1/31 HPs)
             Began as a Merfolk Ice Elementalist on Oct 13, 2023.
             Killed from afar by an orc wizard (8 damage)
             ... with a puff of flame
             ... on level 2 of the Dungeon.
             The game lasted 00:03:32 (971 turns).

Pixllover the Chiller (Merfolk Ice Elementalist)     Turns: 971, Time: 00:03:32

Health: -1/31      AC:  5    Str:  8    XL:     4   Next: 9%
Magic:  3/8        EV: 13    Int: 16    God:
Gold:   61         SH:  0    Dex: 14    Spells: 7/8 levels left

rFire   . . .        d - +0 spear
rCold   . . .        (no shield)
rNeg    . . .        a - +0 robe
rPois   .            (no helmet)
rElec   .            i - +2 cloak
rCorr   .            (no gloves)
SInv    .            (no boots)
Will    .....        (no amulet)
Stlth   +            (no ring)
HPRegen 0.25/turn    (no ring)
MPRegen 0.11/turn

%: no passive effects
@: confused
A: (nimble swimmer 2), mertail
a: no special abilities


You were on level 2 of the Dungeon.
You visited 1 branch of the dungeon, and saw 2 of its levels.

You collected 61 gold pieces.

Inventory:

Hand Weapons
 d - a +0 spear (weapon)
Missiles
 c - a throwing net
Armour
 a - a +0 robe (worn)
 i - a +2 cloak (worn)
Scrolls
 f - a scroll of vulnerability {unknown}
 g - 2 scrolls of enchant armour
 h - a scroll of identify {unknown}
 j - a scroll of poison {unknown}
Potions
 b - a potion of magic
 e - a potion of attraction {unknown}


   Skills:
 + Level 0.3 Fighting
 + Level 1.0 Polearms
 + Level 3.0 Dodging
 + Level 2.4 Stealth
 + Level 2.8 Spellcasting
 + Level 5.1 Ice Magic


You had 7 spell levels left.
You knew the following spells:

 Your Spells              Type           Power      Damage    Failure   Level
a - Freeze                Ice            72%        1d8       2%          1

Your spell library contained the following spells:

 Spells                   Type           Power      Damage    Failure   Level
 Frozen Ramparts          Ice            36%        1d6       7%          3
 Ozocubu's Armour         Ice            18%        N/A       7%          3
 Summon Ice Beast         Ice/Summ       10%        N/A       54%         4


Dungeon Overview and Level Annotations

Branches:
Dungeon (2/15)

Altars:
Xom


Innate Abilities, Weirdness & Mutations

((You are very nimble when in or above water. (Stealth+, EV+, Speed+++)))
Your lower body shifts to a powerful aquatic tail in water.


Message History

Aim: an orc priest, wielding a +0 hand axe (almost dead)
You freeze the orc priest.
You kill the orc priest!
Something hits you but does no damage. The orc barely misses you.
Your Polearms skill increases to level 1!
Your Dodging skill increases to level 3!
You have reached level 4!
As you read the scroll labelled DAXOUKHU XEOLE, it crumbles to dust.
It is a scroll of enchant armour.
Your +1 cloak glows green for a moment.
You hear some strange, mumbled words.
You are confused.
Something hits you but does no damage. The orc barely misses you.
You're too confused to cast spells.
Unknown command.
You're too confused to cast spells.
Unknown command.
You hit the orc but do no damage. Something hits you.
Something hits you but does no damage. The orc barely misses you.
You hear some strange, mumbled words.
You are more confused.
You bump into the rock wall.
You hear some strange, mumbled words.
You are more confused.
The orc hits you with a +0 whip. Something hits you but does no damage.
You bump into the rock wall.
Something hits you. x2
* * * LOW HITPOINT WARNING * * *
The orc hits you but does no damage.
You bump into the rock wall.
You hear some strange, mumbled words.
You are more confused.
You hear some strange, mumbled words.
You are more confused.
The orc hits you but does no damage.
You closely miss the orc. Something hits you.
* * * LOW HITPOINT WARNING * * *
You hear some strange, mumbled words.
A puff of flame appears from out of thin air!
The puff of flame hits you!
You die...

#...#.... #.#....#
...#######......#
......o...)#
.g{#######o# # #.
#.# #.# #. #.#
#..##. ####.##.##..
#..#.# #@)........#
#....
####o{#.##.####
#.#.##.....#.# .#
###......###...##.#
#### #......###
###....##....
#.###..###
#.#.....# #....#
#.#...# #..#.##
##.#<..##
##.#..###.......#


You could see an orc.

Vanquished Creatures
  An orc priest (D:2)
  A dart slug (D:2)
  4 endoplasms (D:1)
  A giant cockroach (D:1)
  5 goblins (D:1)
  2 hobgoblins (D:1)
  5 kobolds (D:1)
  2 quokkas (D:1)
  A ball python (D:1)
  3 bats (D:1)
  A frilled lizard (D:1)
  2 rats (D:1)
28 creatures vanquished.

Notes
Turn   | Place    | Note
-------+----------+-------------------------------------------
     0 | D:1      | Pixllover the Merfolk Ice Elementalist began the quest for
                  | the Orb.
     0 | D:1      | Reached XP level 1. HP: 13/13 MP: 3/3
   202 | D:1      | Reached XP level 2. HP: 19/19 MP: 1/5
   592 | D:1      | Reached XP level 3. HP: 24/24 MP: 4/6
   597 | D:1      | Reached skill level 5 in Ice Magic
   878 | D:2      | Found a shimmering altar of Xom.
   966 | D:2      | Reached skill level 1 in Polearms
   966 | D:2      | Reached XP level 4. HP: 13/31 MP: 2/8
   971 | D:2      | Killed from afar by an orc wizard

Illustrated notes

Levels and vault maps discovered:
D:1:      lemuel_arrival_tunnels, layout_basic
D:2:      layout_rooms, basic_altar

Skill      XL: |  1  2  3 |
---------------+----------+-----
Ice Magic      | 5 |  5.1
Polearms       | 1 |  1.0
Dodging        | 3 |  3.0
Fighting       | |  0.3
Stealth        | |  2.4
Spellcasting   | |  2.8

Action                     |  1- 3 |  4- 6 || total
---------------------------+-------+-------++-------
  Melee: Unarmed           |     2 |       ||     2
         Spear             |    43 |     2 ||    45
   Cast: Freeze            |    29 |       ||    29
    Use: Scroll            |       |     1 ||     1
   Stab: Sleeping          |     2 |       ||     2
 Armour: Robe              |    37 |    11 ||    48
  Dodge: Dodged            |    41 |     2 ||    43

Table legend: (Time is in decaauts)
 A = Elapsed time spent in this place.
 B = Non-inter-level travel time spent in this place.
 C = Inter-level travel time spent in this place.
 D = Time resting spent in this place.
 E = Time spent auto-exploring this place.
 F = Levels seen in this place.
 G = Mean time per level.
                   A        B        C        D        E       F      G
               +--------+--------+--------+--------+--------+-----+--------+
         Total |    974 |    927 |     47 |     59 |    510 |   2 |  487.0 |
       Dungeon |    974 |    927 |     47 |     59 |    510 |   2 |  487.0 |
               +--------+--------+--------+--------+--------+-----+--------+

Top non-repeatable levels by time:
     D:1: 858 daAuts
     D:2: 116 daAuts
